 Seeded DCSS version 0.30-a0-159-g068b764562 (webtiles) character file.

Game seed: 13739209897107723333 (custom seed)

4783 NinjaNoafa the Carver (level 10, -11/72 (79) HPs)
             Began as a Gnoll Reaver on Sept 27, 2022.
             Was the Champion of Jiyva.
             Mangled by Splishie's ghost (15 damage)
             ... on level 8 of the Dungeon.
             The game lasted 00:26:47 (6251 turns).

NinjaNoafa the Carver (Gnoll Reaver)                Turns: 6251, Time: 00:26:48

HP:   -11/72 (79)   AC:  3    Str:  6    XL:     10   Next: 47%
MP:   21/21         EV: 15    Int: 26    God:    Jiyva [******]
Gold: 186           SH:  0    Dex: 16    Spells: 17/24 levels left

rFire   . . .      SeeInvis +    m - +5 sling "Yrghetic" {venom, Int+2}
rCold   + . .      Faith    .    (no shield)
rNeg    . . .      Spirit   .    k - +0 robe of the Blacksmith {Contam Str-4 Int+9 SInv}
rPois   .          Reflect  .    (no helmet)
rElec   .          Harm     .    j - +1 cloak
rCorr   +          Rampage  .    (no gloves)
Will    +++..      Clarity  +    (no boots)
Stlth   +++.......               (no amulet)
HPRegen 3.42/turn                p - ring of protection from fire
MPRegen 0.67/turn                c - ring of ice

@: earthbound, drained
A: fangs 1, strong nose, distributed training, claws 1, agile 1, clarity,
strong-willed 3, regeneration 2, eyeballs 1, pseudopods 3, MP-powered wands
a: Renounce Religion, Oozemancy, Slimify


You were on level 8 of the Dungeon.
You worshipped Jiyva.
Jiyva was exalted by your worship.
You visited 2 branches of the dungeon, and saw 9 of its levels.

You collected 186 gold pieces.

Inventory:

Hand Weapons
 m - the +5 sling "Yrghetic" (weapon) {venom, Int+2}
   (You found it on level 6 of the Dungeon)

   Any ammunition fired from it poisons the flesh of those it strikes.
   Int:       It affects your intelligence (+2).
Missiles
 a - 6 boomerangs
 d - 16 poisoned darts
 g - 8 stones
Armour
 i - a +0 kite shield
 j - a +1 cloak (worn)
 k - the +0 robe of the Blacksmith (worn) {Contam Str-4 Int+9 SInv}
   (You found it on level 2 of the Dungeon)

   Str:       It affects your strength (-4).
   Int:       It affects your intelligence (+9).
   SInv:      It lets you see invisible.
   Contam:    It causes magical contamination when unequipped.
Jewellery
 c - a ring of ice (right claw)
 p - a ring of protection from fire (left claw)
Wands
 b - a wand of mindburst (4)
 h - a wand of flame (16)
 l - a wand of digging (7)
 q - a wand of paralysis (9)
 u - a wand of polymorph (5)
Scrolls
 n - a scroll of silence
 o - 4 scrolls of vulnerability
 s - a scroll of magic mapping
Potions
 f - 2 potions of attraction
 v - a potion of haste


   Skills:
 + Level 7.2 Fighting
 + Level 5.5 Short Blades
 + Level 8.6 Long Blades
 + Level 5.5 Axes
 + Level 5.5 Maces & Flails
 + Level 5.5 Polearms
 + Level 5.5 Staves
 + Level 5.5 Ranged Weapons
 + Level 5.5 Throwing
 + Level 5.5 Armour
 + Level 7.2 Dodging
 + Level 5.5 Stealth
 + Level 5.5 Shields
 + Level 5.5 Unarmed Combat
 + Level 7.5 Spellcasting
 + Level 7.2 Conjurations
 + Level 4.5 Hexes
 + Level 4.5 Summonings
 + Level 4.5 Necromancy
 + Level 4.5 Translocations
 + Level 4.5 Transmutations
 + Level 4.5 Fire Magic
 + Level 4.5 Ice Magic
 + Level 4.5 Air Magic
 + Level 4.5 Earth Magic
 + Level 4.5 Poison Magic
 + Level 6.0 Invocations
 + Level 5.5 Evocations


You had 17 spell levels left.
You knew the following spells:

 Your Spells              Type           Power      Damage    Failure   Level
a - Kiss of Death         Conj/Necr      100%       2d13      1%          1
b - Volcanic Tap          Conj/Fire/Erth 76%        3d12      1%          2
c - Freeze                Ice            100%       1d11      1%          1
d - Hailstorm             Conj/Ice       57%        3d12      1%          3

Your spell library contained the following spells:

 Spells                   Type           Power      Damage    Failure   Level
 Frozen Ramparts          Ice            100%       1d16      2%          3
 Kindle Blastsparks       Fire/Tloc/Air  66%        2d15      2%          3
 Fulminant Prism          Conj/Hex       20%        3d13      5%          4
 Iskenderun's Mystic Bla  Conj/Tloc      40%        2d9       5%          4
 Lee's Rapid Deconstruct  Erth           16%        3d11*     26%         5


Dungeon Overview and Level Annotations

Branches:
Dungeon (8/15)             Temple (1/1) D:5
   Lair: D:8-11

Altars:
Ashenzari
Cheibriados
Dithmenos
Elyvilon
Fedhas
Gozag
Hepliaklqana
Kikubaaqudgha
Makhleb
Nemelex Xobeh
Okawaru
Ru
Sif Muna
Trog
Uskayaw
Vehumet
Wu Jian
Xom
Yredelemnul
Zin
Jiyva

Annotations:
D:8 Splishie's ghost, novice GnWn


Innate Abilities, Weirdness & Mutations

You have very sharp teeth.
Your uncanny sense of smell can sniff out nearby items.
Your experience applies equally to all skills.
You have sharp fingernails.
You are agile. (Dex +4, Str/Int -1)
You possess an exceptional clarity of mind.
You are extremely strong-willed. (Will+++)
You heal very quickly.
Your body has grown eyes which may confuse attackers. (Acc +3)
Armour fits poorly on your massive pseudopods.
You expend magic power (3 MP) to strengthen your wands.


Message History

The +5 sling "Yrghetic" {venom, Int+2} begins to drip with poison!
m - the +5 sling "Yrghetic" (weapon)
{venom, Int+2} The shadow closely misses you.
The eyeballs on your body gaze at the shadow.
The shadow barely misses you.
Casting: Hailstorm (safe; 1% risk of failure)
Confirm with . or Enter, or press ? or * to list all spells.
Aiming: Volcanic Tap (safe; 1% risk of failure)
Press: ? - help, Dir - move target, f/p - Splishie's ghost
Aim: Splishie's ghost, wielding a weapon of flaming (poison gas, heavily damaged, 67% to hit)
The spray of magma hits Splishie's ghost.
You are fixed to the earth.
The jelly closely misses the shadow.
The shadow barely misses you. The shadow hits you.
The shadow barely misses you. Splishie's ghost closely misses you.
Casting: Volcanic Tap (safe; 1% risk of failure)
Confirm with . or Enter, or press ? or * to list all spells.
You can't see any susceptible monsters within range! (Use Z to cast anyway.)
You shoot a sling bullet. The sling bullet hits Splishie's ghost!
Splishie's ghost is severely damaged.
The jelly closely misses the shadow.
The shadow hits you. x2
Splishie's ghost closely misses you.
You shoot a sling bullet.
The sling bullet hits Splishie's ghost but does no damage.
Splishie's ghost is severely damaged.
The shadow misses you. x2; The shadow barely misses the shadow.
Splishie's ghost gestures wildly while chanting.
The jelly hits the shadow but does no damage.
You shoot a sling bullet. The sling bullet hits Splishie's ghost.
Splishie's ghost is severely damaged.
The shadow slips into darkness.
The shadow flickers and vanishes for a moment.
Splishie's ghost hits you! Splishie's ghost burns you. The shadow hits you.
* * * LOW HITPOINT WARNING * * *
The jelly hits the shadow but does no damage.
The shadow barely misses you.
You feel better. The bat closely misses you. Splishie's ghost hits you!!
* * * LOW HITPOINT WARNING * * *
You shudder from the blow and a jelly pops out!
Splishie's ghost burns you!
You die...

########### ########
#..........
#☼°○...###
#.......... #######
#.##.☼○b○#
#.†<....... ......#
#.##§J@W.#
#.......... ...>..#
#.###WJW###
#.......... ......##
##.#..○W.°§#
#..........
.......###..##§☼..§##
#......[)..
..........J.#☼§..°.§#
#..........
......##.#..##.°§$☼##
#..........
......#...#.#○.8.8.○
#######....
#######.#.###########
#.... #.#.##..##..##
#....


You could see 3 shadows, Splishie's ghost (ally target), a bat (summoned), a
neutral jelly (wandering) (fellow slime) and a friendly rockslime (summoned).

Vanquished Creatures
  Erica (D:8)
  Maurice (D:8)
  Psyche (D:8)
  A shadow (D:8)
  2 water moccasins
  An orc warrior (D:8)
  A sky beast (D:6)
  2 ice beasts
  2 black bears
  A centaur (D:8)
  A phantom (D:5)
  5 bullfrogs
  A kobold brigand (D:6)
  3 necrophages
  4 gnoll sergeants
  2 scorpions
  16 wights
  4 killer bees (D:8)
  3 orc priests
  Crazy Yiuf (D:4)
  2 gnoll boudas
  2 hounds
  An iguana (D:6)
  8 orc wizards
  23 gnolls
  An adder (D:3)
  3 shadow imps
  A white imp (D:6)
  2 dart slugs (D:1)
  14 orcs
  6 bats
  2 endoplasms (D:1)
  2 giant cockroaches
  3 goblins
  5 ball pythons
  5 frilled lizards
  3 kobolds
  7 rats
143 creatures vanquished.

Vanquished Creatures (others)
  The ghost of NinjaNoafa the Grasshopper, a novice DrWr of Qazlal (D:5)
  A wyvern (D:7)
  An acid dragon (D:8)
  A water moccasin (D:6)
  A sky beast (D:6)
  An ogre (D:6)
  2 gnoll sergeants
  A scorpion (D:6)
  3 wights
  A killer bee (D:8)
  3 hounds
  19 jellies
  2 orc wizards (D:7)
  An adder (D:5)
  7 gnolls
  2 ufetubi
  2 orcs
  2 bats
  A goblin (D:1)
  A quokka (D:4)
  A ball python (D:2)
  A fungus (D:4)
55 creatures vanquished.

Grand Total: 198 creatures vanquished

Notes
Turn   | Place    | Note
-------+----------+-------------------------------------------
     0 | D:1      | NinjaNoafa the Gnoll Reaver began the quest for the Orb.
     0 | D:1      | Reached XP level 1. HP: 20/20 MP: 6/6
   212 | D:1      | Reached XP level 2. HP: 25/26 MP: 7/7
   279 | D:1      | Found a faded altar of an unknown god.
   295 | D:1      | Prayed at the altar of an unknown god.
   295 | D:1      | Became a worshipper of Jiyva Jaiziatt the Shapeless
   295 | D:1      | Reached * piety under Jiyva
   352 | D:1      | Reached skill level 5 in Spellcasting
   352 | D:1      | Reached XP level 3. HP: 20/23 MP: 6/9
   717 | D:1      | Reached ** piety under Jiyva
   840 | D:1      | Reached skill level 1 in Invocations
  1322 | D:2      | Identified the +0 robe of the Blacksmith {Contam Str-4
                  | Int+9 SInv}
  1386 | D:2      | Reached *** piety under Jiyva
  1492 | D:2      | Gained mutation: You are covered in slimy tendrils that may
                  | disarm your opponents. [Jiyva's grace]
  1492 | D:2      | Gained mutation: You are agile. (Dex +4, Str/Int -1)
                  | [Jiyva's grace]
  1492 | D:2      | Gained mutation: You are very agile. (Dex +8, Str/Int -2)
                  | [Jiyva's grace]
  1492 | D:2      | Gained mutation: You have hidden genetic potential.
                  | [Jiyva's grace]
  1496 | D:2      | Learned a level 2 spell: Volcanic Tap
  1830 | D:3      | Reached skill level 1 in Short Blades
  1830 | D:3      | Reached skill level 1 in Axes
  1830 | D:3      | Reached skill level 1 in Maces & Flails
  1830 | D:3      | Reached skill level 1 in Polearms
  1830 | D:3      | Reached skill level 1 in Staves
  1830 | D:3      | Reached skill level 1 in Ranged Weapons
  1830 | D:3      | Reached skill level 1 in Throwing
  1830 | D:3      | Reached skill level 1 in Armour
  1830 | D:3      | Reached skill level 1 in Stealth
  1830 | D:3      | Reached skill level 1 in Shields
  1830 | D:3      | Reached skill level 1 in Unarmed Combat
  1830 | D:3      | Reached skill level 1 in Evocations
  1967 | D:3      | Found an ancient bone altar of Kikubaaqudgha.
  1978 | D:3      | Reached **** piety under Jiyva
  2248 | D:4      | Reached XP level 4. HP: 37/37 MP: 11/11
  2279 | D:4      | Reached skill level 1 in Hexes
  2279 | D:4      | Reached skill level 1 in Summonings
  2279 | D:4      | Reached skill level 1 in Necromancy
  2279 | D:4      | Reached skill level 1 in Translocations
  2279 | D:4      | Reached skill level 1 in Transmutations
  2279 | D:4      | Reached skill level 1 in Fire Magic
  2279 | D:4      | Reached skill level 1 in Ice Magic
  2279 | D:4      | Reached skill level 1 in Air Magic
  2279 | D:4      | Reached skill level 1 in Earth Magic
  2279 | D:4      | Reached skill level 1 in Poison Magic
  2283 | D:4      | Gained mutation: You possess an exceptional clarity of
                  | mind. [hidden potential]
  2309 | D:4      | Reached XP level 5. HP: 41/42 MP: 12/12
  2324 | D:4      | Learned a level 1 spell: Freeze
  2325 | D:4      | Gained mutation: You have a pair of small antennae on your
                  | head. [hidden potential]
  2325 | D:4      | Lost mutation: You have hidden genetic potential. [hidden
                  | potential expressed]
  2390 | D:4      | Found a runed translucent door.
  2391 | D:4      | Noticed Crazy Yiuf
  2395 | D:4      | Killed Crazy Yiuf
  2396 | D:4      | Reached XP level 6. HP: 43/45 MP: 12/14
  2692 | D:4      | Lost mutation: You are covered in slimy tendrils that may
                  | disarm your opponents. [Jiyva's grace]
  2692 | D:4      | Gained mutation: Your natural rate of healing is unusually
                  | fast. [Jiyva's grace]
  2692 | D:4      | Gained mutation: You heal very quickly. [Jiyva's grace]
  2692 | D:4      | Gained mutation: You regenerate. [Jiyva's grace]
  2692 | D:4      | Gained mutation: You have sharp fingernails. [Jiyva's
                  | grace]
  2873 | D:5      | Entered Level 5 of the Dungeon
  2873 | D:5      | Found a runed translucent door.
  2894 | D:5      | Reached skill level 5 in Fighting
  2894 | D:5      | Reached skill level 5 in Dodging
  2974 | D:5      | Noticed an ice beast
  2985 | D:5      | Killed an ice beast
  3004 | D:5      | Learned a level 3 spell: Hailstorm
  3014 | D:5      | Noticed a water moccasin
  3032 | D:5      | Killed a water moccasin
  3033 | D:5      | Reached skill level 7 in Long Blades
  3033 | D:5      | Reached XP level 7. HP: 53/56 MP: 15/15
  3115 | D:5      | Noticed NinjaNoafa's ghost (novice DrWr)
  3149 | D:5      | Found a shimmering blue altar of Sif Muna.
  3260 | D:5      | Found a staircase to the Ecumenical Temple.
  3271 | Temple   | Entered the Ecumenical Temple
  3496 | D:6      | Reached XP level 8. HP: 55/63 MP: 8/16
  3521 | D:6      | Reached ***** piety under Jiyva
  3568 | D:6      | Found an opulent altar of Gozag.
  3755 | D:6      | Identified the +5 sling "Yrghetic" {venom, Int+2}
  3883 | D:6      | Identified the +1 leather armour of Rotation {rF+ Int+5}
  3977 | D:6      | Found a sparkling altar of Nemelex Xobeh.
  4163 | D:7      | Reached XP level 9. HP: 67/69 MP: 18/18
  4268 | D:7      | Lost mutation: You have a pair of small antennae on your
                  | head. [Jiyva's grace]
  4268 | D:7      | Gained mutation: Armour fits poorly on your pseudopods.
                  | [Jiyva's grace]
  4268 | D:7      | Gained mutation: Armour fits poorly on your large
                  | pseudopods. [Jiyva's grace]
  4268 | D:7      | Gained mutation: Armour fits poorly on your massive
                  | pseudopods. [Jiyva's grace]
  4268 | D:7      | Gained mutation: Your body has grown eyes which may confuse
                  | attackers. (Acc +3) [Jiyva's grace]
  4463 | D:7      | Reached skill level 8 in Long Blades
  4478 | D:7      | Reached skill level 5 in Invocations
  4790 | D:5      | Killed NinjaNoafa's ghost
  5178 | D:7      | Found a sacrificial altar of Ru.
  5581 | D:8      | Noticed Maurice
  5592 | D:8      | Killed Maurice
  5662 | D:8      | Reached skill level 5 in Short Blades
  5662 | D:8      | Reached skill level 5 in Axes
  5662 | D:8      | Reached skill level 5 in Maces & Flails
  5662 | D:8      | Reached skill level 5 in Polearms
  5662 | D:8      | Reached skill level 5 in Staves
  5662 | D:8      | Reached skill level 5 in Ranged Weapons
  5662 | D:8      | Reached skill level 5 in Throwing
  5662 | D:8      | Reached skill level 5 in Armour
  5662 | D:8      | Reached skill level 5 in Stealth
  5662 | D:8      | Reached skill level 5 in Shields
  5662 | D:8      | Reached skill level 5 in Unarmed Combat
  5662 | D:8      | Reached skill level 5 in Evocations
  5663 | D:8      | Reached XP level 10. HP: 70/73 MP: 13/20
  5768 | D:8      | Found a runed translucent gate.
  5768 | D:8      | Found a runed translucent gate.
  5769 | D:8      | Found a runed translucent gate.
  5771 | D:8      | Noticed Splishie's ghost (novice GnWn)
  5878 | D:8      | Noticed Erica
  5887 | D:8      | Killed Erica
  5920 | D:8      | Lost mutation: You are very agile. (Dex +8, Str/Int -2)
                  | [Jiyva's grace]
  5920 | D:8      | Lost mutation: You regenerate. [Jiyva's grace]
  5920 | D:8      | Gained mutation: You expend magic power (3 MP) to
                  | strengthen your wands. [Jiyva's grace]
  5920 | D:8      | Gained mutation: You are strong-willed. (Will+) [Jiyva's
                  | grace]
  5920 | D:8      | Gained mutation: You are highly strong-willed. (Will++)
                  | [Jiyva's grace]
  5920 | D:8      | Gained mutation: You are extremely strong-willed. (Will+++)
                  | [Jiyva's grace]
  5921 | D:8      | Reached ****** piety under Jiyva
  5952 | D:8      | Noticed Psyche
  5957 | D:8      | Killed Psyche
  6095 | D:8      | Found an ornate altar of the Wu Jian Council.
  6251 | D:8      | Mangled by Splishie's ghost

Illustrated notes

Levels and vault maps discovered:
D:1:      nicolae_arrival_somewhat_less_tricky_arrival, layout_loops_ring,
          dreamdust_ecumenical_altar_statues
D:2:      layout_basic, lemuel_flame_loot_1
D:3:      layout_basic, mainiacjoe_overflow_chevrons
D:4:      nicolae_cairo_tiling, layout_cave_pools, nrook_mini_backslash,
          chequers_serial_rivers_small_b, amcnicky_mini_rare_corridor_liquid,
          uniq_crazy_yiuf_cottage
D:5:      layout_rooms, mainiacjoe_overflow_alcove_1,
          minmay_temple_entry_glassed_door, gammafunk_ghost_grave,
          hangedman_abyss_or_decor_lesser_grid
D:6:      minmay_diamond_boxcup, layout_loops_ring, nicolae_gozag_seed_capital,
          lemuel_round_altar
D:7:      minmay_flawed_box, layout_gridville, nicolae_ru_awakened_eye
D:8:      layout_rooms, nicolae_wu_jian_immortal_techniques,
          gammafunk_ghost_spectres, chequers_hall_statues_corner_a,
          uniq_maurice, uniq_erica, uniq_psyche
Temple:   nicolae_temple_great_sept

Skill      XL: |  1  2  3  4  5  6  7  8  9 10 |
---------------+-------------------------------+-----
Spellcasting   | 5 6 7 |  7.5
Invocations    | 1 2 3 4 5 6 |  6.0
Short Blades   | 1 2 3 5 |  5.5
Axes           | 1 2 3 5 |  5.5
Maces & Flails | 1 2 3 5 |  5.5
Polearms       | 1 2 3 5 |  5.5
Staves         | 1 2 3 5 |  5.5
Ranged Weapons | 1 2 3 5 |  5.5
Throwing       | 1 2 3 5 |  5.5
Armour         | 1 2 3 5 |  5.5
Stealth        | 1 2 3 5 |  5.5
Shields        | 1 2 3 5 |  5.5
Unarmed Combat | 1 2 3 5 |  5.5
Evocations     | 1 2 3 5 |  5.5
Hexes          | 1 2 3 4 |  4.5
Summonings     | 1 2 3 4 |  4.5
Necromancy     | 1 2 3 4 |  4.5
Translocations | 1 2 3 4 |  4.5
Transmutations | 1 2 3 4 |  4.5
Fire Magic     | 1 2 3 4 |  4.5
Ice Magic      | 1 2 3 4 |  4.5
Air Magic      | 1 2 3 4 |  4.5
Earth Magic    | 1 2 3 4 |  4.5
Poison Magic   | 1 2 3 4 |  4.5
Fighting       | 5 6 7 |  7.2
Dodging        | 5 6 7 |  7.2
Long Blades    | 7 8 |  8.6
Conjurations   | 6 7 |  7.2

Action                   |  1- 3 |  4- 6 |  7- 9 | 10-12 || total
-------------------------+-------+-------+-------+-------++-------
Melee: Falchion          |    92 |    35 |       |       ||   127
       Bite              |     4 |     4 |    16 |       ||    24
       Quarterstaff      |       |    21 |    56 |       ||    77
       Unarmed           |       |       |    19 |     2 ||    21
       Pseudopods        |       |       |     6 |     2 ||     8
       Punch             |       |       |     1 |       ||     1
 Fire: Sling             |       |       |   116 |    48 ||   164
 Cast: Kiss of Death     |     2 |     3 |     4 |     3 ||    12
       Volcanic Tap      |       |     5 |    10 |     5 ||    20
       Freeze            |       |     6 |    18 |     7 ||    31
       Hailstorm         |       |       |    20 |    11 ||    31
Invok: Oozemancy         |       |     1 |     1 |       ||     2
Evoke: Wand              |       |     3 |     7 |     2 ||    12
  Use: Scroll            |     3 |     2 |     5 |     3 ||    13
       Potion            |       |     4 |     2 |     1 ||     7
Armor: Leather armour    |    23 |       |       |       ||    23
       Robe              |     4 |    17 |    24 |     7 ||    52
Dodge: Dodged            |    73 |    60 |   147 |    59 ||   339
Block: Kite shield       |       |       |    21 |       ||    21

Table legend: (Time is in decaauts)
 A = Elapsed time spent in this place.
 B = Non-inter-level travel time spent in this place.
 C = Inter-level travel time spent in this place.
 D = Time resting spent in this place.
 E = Time spent auto-exploring this place.
 F = Levels seen in this place.
 G = Mean time per level.
                   A        B        C        D        E       F      G
               +--------+--------+--------+--------+--------+-----+--------+
         Total |   6313 |   5662 |    651 |    208 |   4036 |   9 |  701.4 |
       Dungeon |   6226 |   5582 |    644 |    208 |   3974 |   8 |  778.2 |
        Temple |     86 |     79 |      7 |      0 |     62 |   1 |   86.0 |
               +--------+--------+--------+--------+--------+-----+--------+

Top non-repeatable levels by time:
     D:7: 1122 daAuts
     D:1: 868 daAuts
     D:2: 838 daAuts
     D:6: 750 daAuts
     D:8: 705 daAuts
     D:5: 681 daAuts
     D:4: 633 daAuts
     D:3: 626 daAuts
  Temple: 86 daAuts
